| TOP OF THE 1ST |
|
Minnesota Twins batting - Pitching for Detroit Tigers : RHP Andy Miller
|
|
Pitching: RHP Andy Miller
|
|
|
Batting: LHB Per Meulengracht
|
0-0: Ball 1-0: Foul Ball, location: 2F 1-1: Ball 2-1: Ground out U3 (Groundball, 34, EV 93.1 MPH)
|
|
Batting: SHB Manny Molina
|
0-0: Ball 1-0: Called Strike 1-1: Ball 2-1: Ball 3-1: Base on Balls
|
|
Batting: RHB Greg Harman
|
0-0: Swinging Strike 0-1: Swinging Strike 0-2: Strikes out swinging
|
|
Batting: LHB Harris Vink
|
0-0: Ball 1-0: Foul Ball, location: 2F 1-1: Foul Ball, location: 2F 1-2: Fly out, F9 (Flyball, 9S, EV 91.2 MPH)
|
| Top of the 1st over - 0 runs, 0 hits, 0 errors, 1 left on base; Minnesota 0 - Detroit 0 |
| BOTTOM OF THE 1ST |
|
Detroit Tigers batting - Pitching for Minnesota Twins : RHP Bud Puffer
|
|
Pitching: RHP Bud Puffer
|
|
|
Batting: LHB Dave Carlisle
|
0-0: Called Strike 0-1: SINGLE (Groundball, 34D, EV 100.0 MPH)
|
|
Batting: SHB Ross Holland
|
0-0: Swinging Strike 0-1: Foul Ball, location: 2F 0-2: Ball 1-2: Fly out, F7 (Flyball, 78M, EV 89.4 MPH)
|
|
Batting: RHB Victor Quinones
|
0-0: Ball Dave Carlisle steals 2nd base 1-0: Fly out, F7 (Flyball, 7S, EV 82.5 MPH)
|
|
Batting: LHB Conrad Taylor
|
0-0: Ball 1-0: Called Strike 1-1: Ball 2-1: Ball 3-1: Foul Ball, location: 2F 3-2: Ground out U3 (Groundball, 34S, EV 61.2 MPH)
|
| Bottom of the 1st over - 0 runs, 1 hit, 0 errors, 1 left on base; Minnesota 0 - Detroit 0 |
| TOP OF THE 2ND |
|
Minnesota Twins batting - Pitching for Detroit Tigers : RHP Andy Miller
|
|
Batting: LHB Ricardo Batista
|
0-0: Ball 1-0: Ball 2-0: Ball 3-0: Called Strike 3-1: Called Strike 3-2: Strikes out swinging
|
|
Batting: RHB Matt Dunn
|
0-0: Swinging Strike 0-1: Ball 1-1: Ball 2-1: Called Strike 2-2: Strikes out swinging
|
|
Batting: LHB Chaim Huting
|
0-0: Called Strike 0-1: Ball 1-1: Ball 2-1: Foul Ball, location: 2F 2-2: Foul Ball, location: 2F 2-2: Ball 3-2: Base on Balls
|
|
Batting: RHB Alex Sandoval
|
0-0: Ball 1-0: Called Strike 1-1: Swinging Strike 1-2: Ball 2-2: Strikes out swinging
|
| Top of the 2nd over - 0 runs, 0 hits, 0 errors, 1 left on base; Minnesota 0 - Detroit 0 |
| BOTTOM OF THE 2ND |
|
Detroit Tigers batting - Pitching for Minnesota Twins : RHP Bud Puffer
|
|
Batting: LHB Frank McConnell
|
0-0: Ball 1-0: Foul Ball, location: 2F 1-1: Foul Ball, location: 2F 1-2: Strikes out looking
|
|
Batting: SHB Adam Weber
|
0-0: Swinging Strike 0-1: Swinging Strike 0-2: Ball 1-2: Strikes out looking
|
|
Batting: RHB Dan Friess
|
0-0: Ground out U3 (Groundball, 3L, EV 103.1 MPH)
|
| Bottom of the 2nd over - 0 runs, 0 hits, 0 errors, 0 left on base; Minnesota 0 - Detroit 0 |
| TOP OF THE 3RD |
|
Minnesota Twins batting - Pitching for Detroit Tigers : RHP Andy Miller
|
|
Batting: RHB Cyril Husson
|
0-0: Ball 1-0: Ball 2-0: Ball 3-0: Called Strike 3-1: Base on Balls
|
|
Batting: LHB Per Meulengracht
|
0-0: Ball 1-0: Ball 2-0: Ball 3-0: Base on Balls Cyril Husson to second
|
|
Batting: SHB Manny Molina
|
0-0: Ball 1-0: Swinging Strike 1-1: Called Strike 1-2: Ball 2-2: Strikes out swinging
|
|
Batting: RHB Greg Harman
|
0-0: Ball 1-0: Called Strike 1-1: Swinging Strike 1-2: Ball 2-2: Ball 3-2: Base on Balls Cyril Husson to third Per Meulengracht to second
|
|
Batting: LHB Harris Vink
|
0-0: Ball 1-0: Swinging Strike 1-1: Foul Ball, location: 2F 1-2: Foul Ball, location: 2F 1-2: Ball 2-2: Foul Ball, location: 2F 2-2: Foul Ball, location: 2F 2-2: Foul Ball, location: 2F 2-2: Reached on error, E6 (Groundball, 4MD, EV 88.1 MPH) Cyril Husson scores Per Meulengracht to third Greg Harman to second
|
|
Batting: LHB Ricardo Batista
|
0-0: Ball 1-0: Foul Ball, location: 2F 1-1: SINGLE (Groundball, 4MD, EV 110.6 MPH) Per Meulengracht scores Greg Harman to third Harris Vink to second Runner from 3rd tries for Home, throw by CF and OUT! 8-2
|
|
Batting: RHB Matt Dunn
|
0-0: Ball 1-0: Foul Ball, location: 2F 1-1: Foul Ball, location: 2F 1-2: Foul Ball, location: 2F 1-2: Strikes out looking
|
| Top of the 3rd over - 2 runs, 1 hit, 1 error, 2 left on base; Minnesota 2 - Detroit 0 |
| BOTTOM OF THE 3RD |
|
Detroit Tigers batting - Pitching for Minnesota Twins : RHP Bud Puffer
|
|
Batting: RHB Andres Leon
|
0-0: Foul Ball, location: 2F 0-1: Ball 1-1: SINGLE (Groundball, 4MD, EV 94.4 MPH)
|
|
Batting: RHB Dan Becvar
|
0-0: Ball Andres Leon steals 2nd base 1-0: Called Strike 1-1: Ball 2-1: SINGLE (Groundball, 34D, EV 96.2 MPH) Andres Leon to third
|
|
Batting: LHB Dave Carlisle
|
0-0: Fielders Choice at 2nd, 4-6 (Groundball, 34D, EV 103.8 MPH) Andres Leon scores
|
|
Batting: SHB Ross Holland
|
0-0: Ball 1-0: Foul Ball, location: 2F 1-1: Swinging Strike 1-2: Foul Ball, location: 2F 1-2: Ball 2-2: Foul Ball, location: 2F 2-2: SINGLE (Flyball, 89S, EV 90.6 MPH) Dave Carlisle to second
|
|
Batting: RHB Victor Quinones
|
0-0: Fielders Choice at 2nd, 6-4 (Groundball, 6, EV 83.8 MPH) Dave Carlisle to third
|
|
Batting: LHB Conrad Taylor
|
0-0: Ball 1-0: Ball 2-0: SINGLE (Groundball, 4MD, EV 94.4 MPH) Dave Carlisle scores Victor Quinones to second
|
|
Batting: LHB Frank McConnell
|
0-0: Ball 1-0: Ball 2-0: Ball 3-0: Called Strike 3-1: Base on Balls Victor Quinones to third Conrad Taylor to second
|
|
Batting: SHB Adam Weber
|
0-0: Ball 1-0: Called Strike 1-1: Ball 2-1: Foul Ball, location: 2F 2-2: Ball 3-2: Strikes out looking
|
| Bottom of the 3rd over - 2 runs, 4 hits, 0 errors, 3 left on base; Minnesota 2 - Detroit 2 |
| TOP OF THE 4TH |
|
Minnesota Twins batting - Pitching for Detroit Tigers : RHP Andy Miller
|
|
Batting: LHB Chaim Huting
|
0-0: Ball 1-0: Foul Ball, location: 2F 1-1: Fly out, F6 (Popup, 6, EV 76.9 MPH)
|
|
Batting: RHB Alex Sandoval
|
0-0: Foul Ball, location: 2F 0-1: Ball 1-1: Foul Ball, location: 2F 1-2: Ground out 5-3 (Groundball, 56S, EV 64.4 MPH)
|
|
Batting: RHB Cyril Husson
|
0-0: Ball 1-0: Ball 2-0: Ball 3-0: Called Strike 3-1: Called Strike 3-2: DOUBLE (Groundball, 5L, EV 101.2 MPH)
|
|
Batting: LHB Per Meulengracht
|
0-0: SINGLE (Groundball, 34D, EV 103.8 MPH) Cyril Husson to third Runner from 3rd tries for Home, SAFE, throw by RF to home
|
|
Batting: SHB Manny Molina
|
0-0: Ball 1-0: Swinging Strike 1-1: Foul Ball, location: 2F 1-2: Foul Ball, location: 2F 1-2: Strikes out swinging
|
| Top of the 4th over - 1 run, 2 hits, 0 errors, 1 left on base; Minnesota 3 - Detroit 2 |
| BOTTOM OF THE 4TH |
|
Detroit Tigers batting - Pitching for Minnesota Twins : RHP Bud Puffer
|
|
Batting: RHB Dan Friess
|
0-0: Called Strike 0-1: Foul Ball, location: 2F 0-2: Ball 1-2: Foul Ball, location: 2F 1-2: Ball 2-2: Foul Ball, location: 2F 2-2: SINGLE (Groundball, 34D, EV 93.8 MPH)
|
|
Batting: RHB Andres Leon
|
0-0: Ball 1-0: Foul Ball, location: 2F 1-1: Ball 2-1: Swinging Strike 2-2: Ball 3-2: Base on Balls Dan Friess to second
|
|
Batting: RHB Dan Becvar
|
0-0: Ball 1-0: Called Strike 1-1: Foul Ball, location: 2F 1-2: Foul Ball, location: 2F 1-2: Strikes out swinging
|
|
Batting: LHB Dave Carlisle
|
0-0: Called Strike 0-1: Ball 1-1: Foul Ball, location: 2F 1-2: Strikes out swinging
|
|
Batting: SHB Ross Holland
|
0-0: Ball 1-0: Ball 2-0: Ball 3-0: Called Strike 3-1: Foul Ball, location: 2F 3-2: Strikes out swinging
|
| Bottom of the 4th over - 0 runs, 1 hit, 0 errors, 2 left on base; Minnesota 3 - Detroit 2 |
| TOP OF THE 5TH |
|
Minnesota Twins batting - Pitching for Detroit Tigers : RHP Andy Miller
|
|
Batting: RHB Greg Harman
|
0-0: Called Strike 0-1: Called Strike 0-2: Ball 1-2: Ball 2-2: Strikes out looking
|
|
Batting: LHB Harris Vink
|
0-0: Called Strike 0-1: Swinging Strike 0-2: Strikes out swinging
|
|
Batting: LHB Ricardo Batista
|
0-0: Ball 1-0: Ball 2-0: Ball 3-0: Called Strike 3-1: Fly out, F9 (Flyball, 89S, EV 90.0 MPH)
|
| Top of the 5th over - 0 runs, 0 hits, 0 errors, 0 left on base; Minnesota 3 - Detroit 2 |
| BOTTOM OF THE 5TH |
|
Detroit Tigers batting - Pitching for Minnesota Twins : RHP Bud Puffer
|
|
Batting: RHB Victor Quinones
|
0-0: Ball 1-0: Ball 2-0: Ball 3-0: Base on Balls
|
|
Batting: LHB Conrad Taylor
|
0-0: SINGLE (Line Drive, 4D, EV 96.2 MPH) Victor Quinones to second
|
|
Batting: LHB Frank McConnell
|
0-0: Ball 1-0: Ball 2-0: DOUBLE (Line Drive, 89XD, EV 108.1 MPH) Victor Quinones scores Conrad Taylor to third
|
|
Batting: SHB Adam Weber
|
0-0: Called Strike 0-1: Swinging Strike 0-2: Strikes out swinging
|
|
Batting: RHB Dan Friess
|
0-0: Ball 1-0: Called Strike 1-1: Called Strike 1-2: Ball 2-2: Foul Ball, location: 2F 2-2: Ball 3-2: Foul Ball, location: 2F 3-2: Foul Ball, location: 2F 3-2: Foul Ball, location: 2F 3-2: Base on Balls
|
|
Batting: RHB Andres Leon
|
0-0: Ball 1-0: Ball 2-0: Ball 3-0: Base on Balls Conrad Taylor scores Frank McConnell to third Dan Friess to second
|
|
Batting: RHB Dan Becvar
|
0-0: Ball 1-0: Called Strike 1-1: Foul Ball, location: 2F 1-2: Strikes out swinging
|
|
Batting: LHB Dave Carlisle
|
0-0: Swinging Strike 0-1: Swinging Strike 0-2: Foul Ball, location: 2F 0-2: Ball 1-2: Fly out, F5 (Popup, 5F, EV 66.2 MPH)
|
| Bottom of the 5th over - 2 runs, 2 hits, 0 errors, 3 left on base; Minnesota 3 - Detroit 4 |
| TOP OF THE 6TH |
|
Minnesota Twins batting - Pitching for Detroit Tigers : RHP Andy Miller
|
|
Pitching: RHP Cameron Maxwell
|
|
|
Batting: RHB Matt Dunn
|
0-0: Ball 1-0: Called Strike 1-1: Ground out 6-3 (Groundball, 56D, EV 90.6 MPH)
|
|
Batting: LHB Chaim Huting
|
0-0: Ball 1-0: Foul Ball, location: 2F 1-1: Foul Ball, location: 2F 1-2: Foul Ball, location: 2F 1-2: Ball 2-2: SOLO HOME RUN (Flyball, 78XD, EV 109.4 MPH), Distance : 415 ft
|
|
Batting: RHB Alex Sandoval
|
0-0: DOUBLE (Flyball, 9LM, EV 101.9 MPH)
|
|
Batting: RHB Cyril Husson
|
0-0: Fly out, F8 (Flyball, 8RD, EV 108.1 MPH)
|
|
Batting: LHB Per Meulengracht
|
0-0: Ball 1-0: Called Strike 1-1: Ball 2-1: Ball 3-1: Base on Balls
|
|
Batting: SHB Manny Molina
|
0-0: Ball 1-0: Foul Ball, location: 2F 1-1: Ball 2-1: Foul Ball, location: 2F 2-2: Foul Ball, location: 2F 2-2: Strikes out swinging
|
| Top of the 6th over - 1 run, 2 hits, 0 errors, 2 left on base; Minnesota 4 - Detroit 4 |
| BOTTOM OF THE 6TH |
|
Detroit Tigers batting - Pitching for Minnesota Twins : RHP Bud Puffer
|
|
Batting: SHB Ross Holland
|
0-0: Ball 1-0: Called Strike 1-1: Ball 2-1: Foul Ball, location: 2F 2-2: Strikes out swinging
|
|
Pitching: RHP Andrew Kindig
|
|
|
Batting: RHB Victor Quinones
|
0-0: Ball 1-0: Ball 2-0: Called Strike 2-1: Called Strike 2-2: Foul Ball, location: 2F 2-2: Foul Ball, location: 2F 2-2: Strikes out swinging
|
|
Batting: LHB Conrad Taylor
|
0-0: Ball 1-0: Swinging Strike 1-1: Ball 2-1: Called Strike 2-2: Strikes out swinging
|
| Bottom of the 6th over - 0 runs, 0 hits, 0 errors, 0 left on base; Minnesota 4 - Detroit 4 |
| TOP OF THE 7TH |
|
Minnesota Twins batting - Pitching for Detroit Tigers : RHP Cameron Maxwell
|
|
Pitching: RHP Steve McGaughey
|
|
|
Batting: RHB Greg Harman
|
0-0: Ball 1-0: Called Strike 1-1: Ball 2-1: Swinging Strike 2-2: Ball 3-2: Strikes out swinging
|
|
Batting: LHB Harris Vink
|
0-0: Foul Ball, location: 2F 0-1: Foul Ball, location: 2F 0-2: Strikes out looking
|
|
Batting: LHB Ricardo Batista
|
0-0: Ground out 6-3 (Groundball, 6MD, EV 86.9 MPH)
|
| Top of the 7th over - 0 runs, 0 hits, 0 errors, 0 left on base; Minnesota 4 - Detroit 4 |
| BOTTOM OF THE 7TH |
|
Detroit Tigers batting - Pitching for Minnesota Twins : RHP Andrew Kindig
|
|
Batting: LHB Frank McConnell
|
0-0: Ball 1-0: Ball 2-0: Called Strike 2-1: Ball 3-1: Base on Balls
|
|
Batting: SHB Adam Weber
|
0-0: Sac Bunt to 13 - play at first, batter OUT! 1-3 Frank McConnell to second
|
|
Batting: RHB Dan Friess
|
0-0: Ball 1-0: Swinging Strike 1-1: Ball 2-1: Swinging Strike 2-2: Foul Ball, location: 2F 2-2: Ground out 5-3 (Groundball, 56, EV 98.1 MPH)
|
|
Batting: RHB Andres Leon
|
0-0: Called Strike 0-1: Ball 1-1: Foul Ball, location: 2F 1-2: Foul Ball, location: 2F 1-2: Fly out, F8 (Flyball, 78M, EV 89.4 MPH)
|
| Bottom of the 7th over - 0 runs, 0 hits, 0 errors, 1 left on base; Minnesota 4 - Detroit 4 |
| TOP OF THE 8TH |
|
Minnesota Twins batting - Pitching for Detroit Tigers : RHP Steve McGaughey
|
|
Batting: RHB Matt Dunn
|
0-0: Foul Ball, location: 2F 0-1: Called Strike 0-2: Ball 1-2: Strikes out looking
|
|
Batting: LHB Chaim Huting
|
0-0: Called Strike 0-1: Ball 1-1: Ball 2-1: Foul Ball, location: 2F 2-2: Strikes out looking
|
|
Pinch Hitting: LHB Ryan Flynn Jr.
|
0-0: Ball 1-0: Foul Ball, location: 2F 1-1: Foul Ball, location: 2F 1-2: Strikes out swinging
|
| Top of the 8th over - 0 runs, 0 hits, 0 errors, 0 left on base; Minnesota 4 - Detroit 4 |
| BOTTOM OF THE 8TH |
|
Detroit Tigers batting - Pitching for Minnesota Twins : RHP Andrew Kindig
|
|
Pitching: RHP Matt Lundy
|
|
|
Now at 2B: Cyril Husson
|
|
|
Now at 3B: Will Leslie
|
|
|
Now at SS: Manny Molina
|
|
|
Batting: RHB Dan Becvar
|
0-0: Ball 1-0: Ball 2-0: DOUBLE (Line Drive, 89D, EV 105.6 MPH)
|
|
Batting: LHB Dave Carlisle
|
0-0: Called Strike 0-1: Ball 1-1: Swinging Strike 1-2: Foul Ball, location: 2F 1-2: Ball 2-2: Ball 3-2: Strikes out looking
|
|
Batting: SHB Ross Holland
|
0-0: Called Strike 0-1: Ball 1-1: Foul Ball, location: 2F 1-2: SINGLE (Groundball, 6S, EV 75.6 MPH) (infield hit) Dan Becvar to third
|
|
Batting: RHB Victor Quinones
|
0-0: Fly out, F9 (Line Drive, 89M, EV 95.6 MPH)
|
|
Batting: LHB Conrad Taylor
|
0-0: Ball 1-0: Ground out U3 (Groundball, 23, EV 91.9 MPH)
|
| Bottom of the 8th over - 0 runs, 2 hits, 0 errors, 2 left on base; Minnesota 4 - Detroit 4 |
| TOP OF THE 9TH |
|
Minnesota Twins batting - Pitching for Detroit Tigers : RHP Steve McGaughey
|
|
Pitching: RHP Luis Brown
|
|
|
Batting: RHB Cyril Husson
|
0-0: Ground out 6-3 (Groundball, 6MD, EV 108.1 MPH)
|
|
Batting: LHB Per Meulengracht
|
0-0: Called Strike 0-1: Swinging Strike 0-2: Strikes out looking
|
|
Batting: SHB Manny Molina
|
0-0: Called Strike 0-1: Fly out, F7 (Flyball, 78S, EV 86.9 MPH)
|
| Top of the 9th over - 0 runs, 0 hits, 0 errors, 0 left on base; Minnesota 4 - Detroit 4 |
| BOTTOM OF THE 9TH |
|
Detroit Tigers batting - Pitching for Minnesota Twins : RHP Matt Lundy
|
|
Batting: LHB Frank McConnell
|
0-0: Swinging Strike 0-1: Foul Ball, location: 2F 0-2: Ball 1-2: SINGLE (Line Drive, 8RS, EV 92.5 MPH)
|
|
Batting: SHB Adam Weber
|
0-0: Ball 1-0: Called Strike 1-1: Ball 2-1: Called Strike 2-2: Ball 3-2: Strikes out swinging Frank McConnell is caught stealing 2nd base 2-6 Batter strikes out.
|
|
Batting: RHB Dan Friess
|
0-0: Called Strike 0-1: Foul Ball, location: 2F 0-2: Strikes out swinging
|
| Bottom of the 9th over - 0 runs, 1 hit, 0 errors, 0 left on base; Minnesota 4 - Detroit 4 |
| TOP OF THE 10TH |
|
Minnesota Twins batting - Pitching for Detroit Tigers : RHP Luis Brown
|
|
Batting: RHB Greg Harman
|
0-0: Called Strike 0-1: Called Strike 0-2: Ball 1-2: Ground out 2-3 (Groundball, 2R, EV 67.5 MPH)
|
|
Batting: LHB Harris Vink
|
0-0: Ball 1-0: Called Strike 1-1: Swinging Strike 1-2: Strikes out swinging
|
|
Batting: LHB Ricardo Batista
|
0-0: Ball 1-0: Ball 2-0: Ball 3-0: Called Strike 3-1: Foul Ball, location: 2F 3-2: Ground out 5-3 (Groundball, 56, EV 108.1 MPH)
|
| Top of the 10th over - 0 runs, 0 hits, 0 errors, 0 left on base; Minnesota 4 - Detroit 4 |
| BOTTOM OF THE 10TH |
|
Detroit Tigers batting - Pitching for Minnesota Twins : RHP Matt Lundy
|
|
Batting: RHB Andres Leon
|
0-0: Ball 1-0: Called Strike 1-1: Ball 2-1: Ground out 1-3 (Groundball, 34S, EV 65.0 MPH)
|
|
Batting: RHB Dan Becvar
|
0-0: Fly out, F9 (Flyball, 9LM, EV 107.5 MPH)
|
|
Batting: LHB Dave Carlisle
|
0-0: Ball 1-0: Ball 2-0: Foul Ball, location: 2F 2-1: Ball 3-1: Base on Balls
|
|
Pitching: RHP Brad Harth
|
|
|
Batting: SHB Ross Holland
|
0-0: Ball Dave Carlisle is caught stealing 2nd base 2-6
|
| Bottom of the 10th over - 0 runs, 0 hits, 0 errors, 0 left on base; Minnesota 4 - Detroit 4 |
| TOP OF THE 11TH |
|
Minnesota Twins batting - Pitching for Detroit Tigers : RHP Luis Brown
|
|
Batting: RHB Matt Dunn
|
0-0: Ball 1-0: Ground out 5-3 (Groundball, 56, EV 85.0 MPH)
|
|
Batting: LHB Chaim Huting
|
0-0: Ball 1-0: Foul Ball, location: 2F 1-1: Ground out 4-3 (Groundball, 4, EV 88.8 MPH)
|
|
Batting: RHB Will Leslie
|
0-0: Called Strike 0-1: Ball 1-1: Foul Ball, location: 2F 1-2: Foul Ball, location: 2F 1-2: DOUBLE (Groundball, 5L, EV 105.0 MPH)
|
|
Batting: RHB Cyril Husson
|
0-0: Called Strike 0-1: Foul Ball, location: 2F 0-2: Strikes out swinging
|
| Top of the 11th over - 0 runs, 1 hit, 0 errors, 1 left on base; Minnesota 4 - Detroit 4 |
| BOTTOM OF THE 11TH |
|
Detroit Tigers batting - Pitching for Minnesota Twins : RHP Brad Harth
|
|
Batting: SHB Ross Holland
|
0-0: Ball 1-0: Called Strike 1-1: Ball 2-1: Foul Ball, location: 2F 2-2: SINGLE (Line Drive, 7S, EV 95.6 MPH)
|
|
Batting: RHB Victor Quinones
|
0-0: Called Strike 0-1: Ball 1-1: Ball 2-1: Foul Ball, location: 2F 2-2: Strikes out swinging
|
|
Batting: LHB Conrad Taylor
|
0-0: Ball 1-0: Ball 2-0: Fly out, F7 (Line Drive, 78M, EV 102.5 MPH)
|
|
Batting: LHB Frank McConnell
|
0-0: Called Strike 0-1: Foul Ball, location: 2F 0-2: SINGLE (Groundball, 34D, EV 101.9 MPH) (infield hit) Ross Holland to second
|
|
Batting: SHB Adam Weber
|
0-0: Called Strike 0-1: Called Strike 0-2: Ball 1-2: Strikes out swinging
|
| Bottom of the 11th over - 0 runs, 2 hits, 0 errors, 2 left on base; Minnesota 4 - Detroit 4 |
| TOP OF THE 12TH |
|
Minnesota Twins batting - Pitching for Detroit Tigers : RHP Luis Brown
|
|
Batting: LHB Per Meulengracht
|
0-0: Ball 1-0: Called Strike 1-1: Ball 2-1: Ball 3-1: Base on Balls
|
|
Batting: SHB Manny Molina
|
0-0: Sac Bunt to 13 - play at first, batter OUT! 1-3 Per Meulengracht to second
|
|
Batting: RHB Greg Harman
|
0-0: Intentional Walk
|
|
Batting: LHB Harris Vink
|
0-0: Ball 1-0: Ball 2-0: Ball 3-0: Called Strike 3-1: SINGLE (Groundball, 3D, EV 95.0 MPH) Per Meulengracht to third Greg Harman to second Runner from 3rd tries for Home, SAFE, throw by RF to home
|
|
Pitching: RHP Bobby Wright
|
|
|
Batting: LHB Ricardo Batista
|
0-0: Swinging Strike 0-1: Ball 1-1: Ball 2-1: Foul Ball, location: 2F 2-2: Strikes out swinging
|
|
Batting: RHB Matt Dunn
|
0-0: DOUBLE (Flyball, 78D, EV 94.4 MPH) Greg Harman scores Harris Vink to third Runner from 3rd tries for Home, SAFE, no throw by LF
|
|
Batting: LHB Chaim Huting
|
0-0: Ball 1-0: Ball 2-0: Swinging Strike 2-1: Called Strike 2-2: Ball 3-2: Strikes out looking
|
| Top of the 12th over - 3 runs, 2 hits, 0 errors, 1 left on base; Minnesota 7 - Detroit 4 |
| BOTTOM OF THE 12TH |
|
Detroit Tigers batting - Pitching for Minnesota Twins : RHP Brad Harth
|
|
Batting: RHB Dan Friess
|
0-0: Ball 1-0: Foul Ball, location: 2F 1-1: SINGLE (Groundball, 4D, EV 93.8 MPH)
|
|
Batting: RHB Andres Leon
|
0-0: Ball 1-0: Called Strike 1-1: Ball Wild Pitch! Dan Friess to second 2-1: Foul Ball, location: 2F 2-2: Ball 3-2: SINGLE (Line Drive, 7S, EV 110.6 MPH) Dan Friess to third
|
|
Batting: RHB Dan Becvar
|
0-0: Ball 1-0: Called Strike 1-1: Foul Ball, location: 2F 1-2: SINGLE (Groundball, 4MD, EV 105.6 MPH) Dan Friess scores Andres Leon to second
|
|
Batting: LHB Dave Carlisle
|
0-0: Swinging Strike 0-1: Ball 1-1: DOUBLE (Line Drive, 8RXD, EV 107.5 MPH) Andres Leon scores Dan Becvar to third Runner from 3rd tries for Home, throw by CF and OUT! 8-4-2 Dave Carlisle to third
|
|
Pitching: RHP Tony Ramirez
|
|
|
Batting: SHB Ross Holland
|
0-0: Ball 1-0: Ball 2-0: SINGLE (Groundball, 6MD, EV 103.8 MPH) Dave Carlisle scores
|
|
Batting: RHB Victor Quinones
|
0-0: Ball Ross Holland steals 2nd base 1-0: Ball 2-0: Foul Ball, location: 2F 2-1: Fly out, F9 (Flyball, 89S, EV 90.0 MPH)
|
|
Batting: LHB Conrad Taylor
|
0-0: Called Strike 0-1: Foul Ball, location: 2F 0-2: SINGLE (Groundball, 3D, EV 97.5 MPH) Ross Holland to third Runner from 3rd tries for Home, SAFE, throw by RF to home
|
| Bottom of the 12th over - 4 runs, 6 hits, 0 errors, 1 left on base; Minnesota 7 - Detroit 8 |
|